Workbook

Sheet Tableau JMM
C2: Informations générales | Q2: Vente de gré à gré | S2: Valeur | Y2: Rachat de prêt | AC2: Valeur
C4: Renseignements emprunteurs | E4: Demandeur 1 | I4: Demandeur 2 | M4: Aval | Q4: Prix d'achat bien existant | Y4: Montant original prêt
C5: Nom | Q5: Travaux hors Tva | Y5: Solde actuel
C6: Prénom | Q6: Tva 21% sur travaux | S6: =S5*21% -> 0 | Y6: Taux dans le temps
C7: Date de naissance | Q7: Montant total travaux | S7: =S5+S6 -> 0 | Y7: Indemnité de réemploi
C8: Lieu de naissance | Q8: Fonds propres | Y8: Frais de main levée | AC8: =CHOOSE(MATCH(AC4,AE$83:AE$99,1),AF84,AF85,AF86,AF87,AF88,AF89,AF90,AF91,AF92,AF93,AF94,AF95,AF96,AF97,AF98,AF99) -> 391.1
C9: Nationalité | Q9: Montant total de l'achat | S9: =SUM(S4:S8) -> 0 | Y9: Montant total du rachat | AC9: =SUM(AC5:AC8) -> 391.1
C10: N° de carte d'identité
C11: Adresse
C12: Code postal + Ville | Q12: Construction | S12: Montant | U12: Tva 21% | W12: Total
C13: Téléphone
C14: Email | Q14: Devis construction | U14: =S14*21% -> 0 | W14: =S14+U14 -> 0
C15: N° régistre national | Q15: Devis terrain | U15: =S15*21% -> 0 | W15: =S15+U15 -> 0
C16: Etat civil | Q16: Devis garage / cave | U16: =S16*21% -> 0 | W16: =S16+U16 -> 0
C17: Nombre de personnes à charge | Q17: Devis terrain garage / cave | U17: =S17*21% -> 0 | W17: =S17+U17 -> 0
C18: Age des personnes à charge | Q18: Total terrain garage et ou cave | U18: =S18*21% -> 0 | W18: =S18+U18 -> 0
C19: Compte bancaire | Q19: Honoraires architecte | U19: =S19*21% -> 0 | W19: =S19+U19 -> 0
C20: Statut professionnelle | Q20: Raccordement égouts | U20: =S20*21% -> 0 | W20: =S20+U20 -> 0
C21: Employeur 1 | Q21: Fonds propres | W21: =S21 -> 0
C22: Adresse | Q22: Prix total construction neuve | W22: =SUM(W14:W20)-W21 -> 0
C23: Code postal + Ville
C24: Date d'entrée
C25: Nature du travail | Q25: Gage 1 (Habitation à financer) | S25: Description | Y25: Gage 2 | AE25: Description
C26: Employeur 2
C27: Adresse | Q27: Nature | Y27: Nature
C28: Code postal + Ville | Q28: Adresse / numéro | Y28: Adresse / numéro
C29: Date d'entrée | Q29: Code postal, ville | Y29: Code postal, ville
C30: Nature du travail | Q30: Pays du gage | Y30: Pays du gage
Q31: Propriétaire | Y31: Propriétaire
Q32: % professionnelle | Y32: % professionnelle
Q33: Valeur vénale | S33: =S4+AC4+W14+W15+W16+W17 -> 0 | Y33: Valeur vénale
C36: Crédits en cours | Q36: Frais de notaire | S36: Régions
C38: Type de prêt | E38: Capital départ | G38: Durée | I38: Taux | K38: Remboursement | M38: 1 échéance | O38: Solde | Q38: Frais d'acte d'achat - (Barème J - A.R. 16/12/1950) | S38: Bxl 1 achat | U38: Bruxelles | W38: Wallonie | Y38: Wallonie | AA38: Flandre | AC38: Flandre | AE38: Flandre | AG38: Flandre
Q40: Enregistrement à | S40: 0.125 | U40: 0.125 | W40: 0.125 | Y40: 0.06 | AA40: 0.1 | AC40: 5% | AE40: 0.1 | AG40: 5%
Q41: Abattement enregistrement | S41: 60000 | U41: non | W41: non | Y41: non | AA41: 15000 | AC41: 15000 | AE41: non | AG41: non
Q42: Droits d'enregistrement | S42: =IF(S4>=60000,(S9-60000)*12.5%,0) -> 0 | U42: =SUM(S4+AC9)*12.5% -> 48.8875 | W42: =SUM(S4+AC9)*12.5% -> 48.8875 | Y42: =SUM(S9+AC9)*6% -> 23.466 | AA42: =IF(S9>=15000,(S9-15000)*10%,0) -> 0 | AC42: =IF(S9>15000,(S9-15000)*5%,0) -> 0 | AE42: =SUM(S4+AC9)*10% -> 39.11 | AG42: =SUM(S4+AC9)*5% -> 19.555
Q43: Honoraires du notaire | S43: =SUM(AA83:AA89) -> 6.68781 | U43: =S43 -> 6.68781 | W43: =S43 -> 6.68781 | Y43: =S43 -> 6.68781 | AA43: =S43 -> 6.68781 | AC43: =S43 -> 6.68781 | AE43: =S43 -> 6.68781 | AG43: =S43 -> 6.68781
Q44: Frais divers d'acte d'achat | S44: 900 | U44: =S44 -> 900 | W44: =S44 -> 900 | Y44: =S44 -> 900 | AA44: =S44 -> 900 | AC44: =S44 -> 900 | AE44: =S44 -> 900 | AG44: =S44 -> 900
Q45: Total frais de notaires acte d'achat | S45: =S42+S43+S44 -> 906.68781 | U45: =SUM(U42:U44) -> 955.57531 | W45: =SUM(W42:W44) -> 955.57531 | Y45: =SUM(Y42:Y44) -> 930.15381 | AA45: =SUM(AA42:AA44) -> 906.68781 | AC45: =SUM(AC42:AC44) -> 906.68781 | AE45: =SUM(AE42:AE44) -> 945.79781 | AG45: =SUM(AG42:AG44) -> 926.24281
E47: =SUM(E40:E46) -> 0 | K47: =SUM(K40:K46) -> 0 | O47: =SUM(O40:O46) -> 0
C49: Revenus | E49: Revenus / dépenses réelles emprunteurs | K49: Revenus / dépenses considérés emprunteurs | Q49: Frais d'acte de prêt - (Barème G - A.R. 16/12/1950)
C51: Revenus net employé (e) | K51: =E51*1.1392 -> 0 | M51: =G51*1.1392 -> 0 | O51: =I51*1.1392 -> 0 | Q51: Droit d'enregistrement, d'hypothèque et conservation | S51: =(((S4+S7+S26)*110%*1.3%))+300 -> 300 | U51: =(((S4+S7+S26)*110%*1.3%))+300 -> 300 | W51: =(((S4+S7+S26)*110%*1.3%))+300 -> 300 | Y51: =(((S4+S7+S26)*110%*1.3%))+300 -> 300 | AA51: =(((S4+S7+S26)*110%*1.3%))+300 -> 300 | AC51: =(((S4+S7+S26)*110%*1.3%))+300 -> 300 | AE51: =(((S4+S7+S26)*110%*1.3%))+300 -> 300 | AG51: =(((S4+S7+S26)*110%*1.3%))+300 -> 300
C52: Revenus net ouvrier (e)/fonctionnaire | K52: =E52*1.1255 -> 0 | M52: =G52*1.1255 -> 0 | O52: =I52*1.1255 -> 0 | Q52: Honoraires du notaire | S52: =SUM(AA91:AA97) -> 6.68781 | U52: =S52 -> 6.68781 | W52: =S52 -> 6.68781 | Y52: =S52 -> 6.68781 | AA52: =S52 -> 6.68781 | AC52: =S52 -> 6.68781 | AE52: =S52 -> 6.68781 | AG52: =S52 -> 6.68781
C53: Revenu net indépendant | K53: =E53 -> 0 | M53: =G53 -> 0 | O53: =I53 -> 0 | Q53: Frais divers d'acte de crédit | S53: 1000 | U53: =S53 -> 1000 | W53: =S53 -> 1000 | Y53: =S53 -> 1000 | AA53: =S53 -> 1000 | AC53: =S53 -> 1000 | AE53: =S53 -> 1000 | AG53: =S53 -> 1000
C54: Maladie/invalidité | K54: =E54 -> 0 | M54: =G54 -> 0 | O54: =I54 -> 0 | Q54: Total frais de notaires acte de prêt | S54: =SUM(S51:S53) -> 1306.6878 | U54: =S54 -> 1306.6878 | W54: =S54 -> 1306.6878 | Y54: =S54 -> 1306.6878 | AA54: =S54 -> 1306.6878 | AC54: =S54 -> 1306.6878 | AE54: =S54 -> 1306.6878 | AG54: =S54 -> 1306.6878
C55: Pensions | K55: =E55 -> 0 | M55: =G55 -> 0 | O55: =I55 -> 0
C56: Revenus de chômage | K56: =IF(E56>275,275,E56) -> 0 | M56: =IF(G56>275,275,G56) -> 0 | O56: =IF(I56>275,275,I56) -> 0 | Q56: Total frais de notaire | S56: =S54+S45 -> 2213.3756 | U56: =U54+U45 -> 2262.2631 | W56: =W54+W45 -> 2262.2631 | Y56: =Y54+Y45 -> 2236.8416 | AA56: =AA54+AA45 -> 2213.3756 | AC56: =AC54+AC45 -> 2213.3756 | AE56: =AE54+AE45 -> 2252.4856 | AG56: =AG54+AG45 -> 2232.9306
C57: Total chèque repas par mois | K57: =IF(E57>80,80,E57) -> 0 | M57: =IF(G57>80,80,G57) -> 0 | O57: =IF(I57>80,80,I57) -> 0 | Q57: Montant achat bien/ construction / travaux | S57: =S9+W22+AC9 -> 391.1 | U57: =S9+AC9+W22 -> 391.1 | W57: =S9+W22+AC9 -> 391.1 | Y57: =S9+AC9+W22 -> 391.1 | AA57: =S9+W22+AC9 -> 391.1 | AC57: =S9+W22+AC9 -> 391.1 | AE57: =S9+W22+AC9 -> 391.1 | AG57: =S9+W22+AC9 -> 391.1 | AH57: =IF(AH55=0,0,AH48/AH55) -> 0
C58: Pensions alim. reçues enfants < 15 ans | K58: =IF(E58/2>(K51+K52+K53+K54+K55+K56)*0.2,(K51+K52+K53+K54+K55+K56)*0.2,E58/2) -> 0 | M58: =IF(G58/2>(M51+M52+M53+M54+M55+M56)*0.2,(M51+M52+M53+M54+M55+M56)*0.2,G58/2) -> 0 | O58: =IF(I58/2>(O51+O52+O53+O54+O55+O56)*0.2,(O51+O52+O53+O54+O55+O56)*0.2,I58/2) -> 0 | Q58: Fonds propres | S58: =W21+S8 -> 0 | U58: =S58 -> 0 | W58: =S58 -> 0 | Y58: =S58 -> 0 | AA58: =S58 -> 0 | AC58: =S58 -> 0 | AE58: =S58 -> 0 | AG58: =S58 -> 0
C59: Allocations nombre d'enfants < 15 ans | K59: =IF(E59*75>(K51+K52+K53+K54+K55+K56)*0.2,(K51+K52+K53+K54+K55+K56)*0.2,E59*75) -> 0 | M59: =IF(G59*75>(M51+M52+M53+M54+M55+M56)*0.2,(M51+M52+M53+M54+M55+M56)*0.2,G59*75) -> 0 | O59: =IF(I59*75>(O51+O52+O53+O54+O55+O56)*0.2,(O51+O52+O53+O54+O55+O56)*0.2,I59*75) -> 0 | Q59: Montant total nécessaire pour le prêt | S59: =SUM(S56:S57)-S58 -> 2604.4756 | U59: =SUM(U56:U57)-U58 -> 2653.3631 | W59: =SUM(W56:W57)-W58 -> 2653.3631 | Y59: =SUM(Y56:Y57)-Y58 -> 2627.9416 | AA59: =SUM(AA56:AA57)-AA58 -> 2604.4756 | AC59: =SUM(AC56:AC57)-AC58 -> 2604.4756 | AE59: =SUM(AE56:AE57)-AE58 -> 2643.5856 | AG59: =SUM(AG56:AG57)-AG58 -> 2624.0306
C60: Valeurs locative existant | K60: =E60*0.85 -> 0 | M60: =G60*0.85 -> 0 | O60: =I60*0.85 -> 0
C61: Valeurs locative future | K61: =E61*0.85 -> 0 | M61: =G61*0.85 -> 0 | O61: =I61*0.85 -> 0 | Q61: Frais de dossier | S61: =IF(S59<=S65,MAX(250,MIN(1500,S59*0.5%)),IF(S59>S65,MAX(250,MIN(3500,S59*2%)))) -> 250 | U61: =IF(U59<=U65,MAX(250,MIN(1500,U59*0.5%)),IF(U59>U65,MAX(250,MIN(3500,U59*2%)))) -> 250 | W61: =IF(W59<=W65,MAX(250,MIN(1500,W59*0.5%)),IF(W59>W65,MAX(250,MIN(3500,W59*2%)))) -> 250 | Y61: =IF(Y59<=Y65,MAX(250,MIN(1500,Y59*0.5%)),IF(Y59>Y65,MAX(250,MIN(3500,Y59*2%)))) -> 250 | AA61: =IF(AA59<=AA65,MAX(250,MIN(1500,AA59*0.5%)),IF(AA59>AA65,MAX(250,MIN(3500,AA59*2%)))) -> 250 | AC61: =IF(AC59<=AC65,MAX(250,MIN(1500,AC59*0.5%)),IF(AC59>AC65,MAX(250,MIN(3500,AC59*2%)))) -> 250 | AE61: =IF(AE59<=AE65,MAX(250,MIN(1500,AE59*0.5%)),IF(AE59>AE65,MAX(250,MIN(3500,AE59*2%)))) -> 250 | AG61: =IF(AG59<=AG65,MAX(250,MIN(1500,AG59*0.5%)),IF(AG59>AG65,MAX(250,MIN(3500,AG59*2%)))) -> 250
C62: Pension alimentaire payée | K62: =E62 -> 0 | M62: =G62 -> 0 | O62: =I62 -> 0
C63: Autres | K63: =E63 -> 0 | M63: =G63 -> 0 | O63: =I63 -> 0 | Q63: Montant final du prêt | S63: =S54+S59+S61 -> 4161.1634 | U63: =U61+U59+U54 -> 4210.0509 | W63: =W61+W59+W54 -> 4210.0509 | Y63: =Y61+Y59+Y54 -> 4184.6294 | AA63: =AA61+AA59+AA54 -> 4161.1634 | AC63: =AC61+AC59+AC54 -> 4161.1634 | AE63: =AE61+AE59+AE54 -> 4200.2734 | AG63: =AG61+AG59+AG54 -> 4180.7184
C64: Crédits en cours à racheter | K64: =E64 -> 0 | M64: =G64 -> 0 | O64: =I64 -> 0
C65: Crédits en cours non rachetés | K65: =E65 -> 0 | M65: =G65 -> 0 | O65: =I65 -> 0 | Q65: Garanties immobilières | S65: =S33+AE33 -> 0 | U65: =S33+AE33 -> 0 | W65: =S33+AE33 -> 0 | Y65: =S33+AE33 -> 0 | AA65: =S33+AE33 -> 0 | AC65: =S33+AE33 -> 0 | AE65: =S33+AE33 -> 0 | AG65: =S33+AE33 -> 0
C66: Future charge du prêt | K66: =E66 -> 0 | M66: =G66 -> 0 | O66: =I66 -> 0
K67: =SUM(K51:K61)-K62-K63-K65 -> 0 | M67: =SUM(M51:M61)-M62-M63-M65 -> 0 | O67: =SUM(O51:O61)-O62-O63-O65 -> 0 | Q67: Quotité projet / Total garanties | S67: =IF(S65=0,0,S63/S65) -> 0 | T67: =IF(T65=0,0,T59/T65) -> 0 | U67: =IF(U65=0,0,U63/U65) -> 0 | V67: =IF(V65=0,0,V59/V65) -> 0 | W67: =IF(W65=0,0,W63/W65) -> 0 | X67: =IF(X65=0,0,X59/X65) -> 0 | Y67: =IF(Y65=0,0,Y63/Y65) -> 0 | Z67: =IF(Z65=0,0,Z59/Z65) -> 0 | AA67: =IF(AA65=0,0,AA63/AA65) -> 0 | AC67: =IF(AC65=0,0,AC63/AC65) -> 0 | AE67: =IF(AE65=0,0,AE63/AE65) -> 0 | AG67: =IF(AG65=0,0,AG63/AG65) -> 0
C69: Taux variable annuellement | E69: Q -/< 80% | G69: Q 80% - 100% | I69: Q 100 - 118% | K69: Mensualité | O69: Cap 3 | Q69: Taux fixe | S69: Q -/< 80% | U69: Q 80% - 100% | W69: Q 100 - 118% | AA69: Mensualité
C71: Durée | E71: Tx annuel | G71: Tx annuel | I71: Tx annuel | Q71: Durée | S71: Tx annuel | U71: Tx annuel | W71: Tx annuel
C72: 10 | E72: 0.0368 | G72: 0.0389 | I72: 0.0409 | K72: Revenus | M72: =K67+M67+O67 -> 0 | O72: =K67+M67+O67 -> 0 | Q72: 10 | S72: 0.045 | U72: 0.0471 | W72: 0.0492 | AA72: Revenus | AC72: =K67+M67+O67 -> 0
C73: 12 | E73: 0.0384 | G73: 0.0404 | I73: 0.0425 | Q73: 12 | S73: 0.0472 | U73: 0.0493 | W73: 0.0514
C74: 15 | E74: 0.0384 | G74: 0.0404 | I74: 0.0425 | K74: Crédit | O74: =M74 -> 0 | Q74: 15 | S74: 0.0484 | U74: 0.0505 | W74: 0.0525 | AA74: Crédit | AC74: =M74 -> 0
C75: 18 | E75: 0.0399 | G75: 0.042 | I75: 0.0441 | K75: Taux annuel | Q75: 18 | S75: 0.049 | U75: 0.0511 | W75: 0.0532 | AA75: Taux annuel
C76: 20 | E76: 0.0399 | G76: 0.042 | I76: 0.0441 | K76: Nombre de mois | O76: =M76 -> 0 | Q76: 20 | S76: 0.049 | U76: 0.0511 | W76: 0.0532 | AA76: Nombre de mois | AC76: =M76 -> 0
C77: 25 | E77: 0.0409 | G77: 0.043 | I77: 0.0451 | Q77: 25 | S77: 0.05 | U77: 0.0521 | W77: 0.0542
C78: 30 | E78: 0.042 | G78: 0.0441 | K78: Taux périodique | M78: =M75/12/100 -> 0 | O78: =O75/12/100 -> 0 | Q78: 30 | S78: 0.0526 | U78: 0.0547 | AA78: Taux périodique | AC78: =AC75/12/100 -> 0
C79: 35 | E79: 0.043 | G79: 0.0451 | K79: Mensualité | M79: =-PMT(M78,M76,M74) -> #NUM! | O79: =-PMT(O78,O76,O74) -> #NUM! | Q79: 35 | S79: 0.053 | U79: 0.0551 | AA79: Mensualité | AC79: =-PMT(AC78,AC76,AC74) -> #NUM!
C80: 40 | E80: 0.0441 | G80: 0.0461 | Q80: 40 | S80: 0.0532 | U80: 0.0553
S83: Frais notaire | U83: 0 | W83: 7500 | X83: 0.0456 | Y83: =IF($S$9+$W$22+$AC$9>W83,"oui","non") -> non | Z83: =IF(Y83="oui",W83,S9+W22+AC9) -> 391.1 | AA83: =Z83*X83 -> 17.83416 | AE83: 0 | AF83: 391.1
S84: Acte d'achat | U84: 7500 | W84: 17500 | X84: 0.0285 | Y84: =IF($S$9+$W$22+$AC$9>W84,"oui","non") -> non | Z84: =IF(Y84="oui",W84-W83,'Tableau JMM'!$S$9+$W$22-Z83) -> -391.1 | AA84: =Z84*X84 -> -11.14635 | AE84: 25000 | AF84: 391.1
U85: 17500 | W85: 30000 | X85: 0.0228 | Y85: =IF($S$9+$W$22+$AC$9>W85,"oui","non") -> non | Z85: =IF(Y85="oui",W85-W84,'Tableau JMM'!$S$9+$W$22-Z84-Z83) -> 0 | AA85: =Z85*X85 -> 0 | AE85: 30000 | AF85: 423.98
U86: 30000 | W86: 45495 | X86: 0.0171 | Y86: =IF($S$9+$W$22+$AC$9>W86,"oui","non") -> non | Z86: =IF(Y86="oui",W86-W85,'Tableau JMM'!$S$9+$S$22-Z85-Z84-Z83) -> 0 | AA86: =Z86*X86 -> 0 | AE86: 40000 | AF86: 431.08
U87: 45495 | W87: 64095 | X87: 0.0114 | Y87: =IF($S$9+$W$22+$AC$9>W87,"oui","non") -> non | Z87: =IF(Y87="oui",W87-W86,'Tableau JMM'!$S$9+$W$22-Z86-Z85-Z84-Z83) -> 0 | AA87: =Z87*X87 -> 0 | AE87: 50000 | AF87: 453.29
U88: 64095 | W88: 250095 | X88: 0.0057 | Y88: =IF($S$9+$W$22+$AC$9>W88,"oui","non") -> non | Z88: =IF(Y88="oui",W88-W87,'Tableau JMM'!$S$9+$W$22-Z87-Z86-Z85-Z84-Z83) -> 0 | AA88: =Z88*X88 -> 0 | AE88: 60000 | AF88: 464.69
U89: 250095 | X89: 0.00057 | Y89: NS | Z89: =IF(S9+W22+AC9>=U89,S9+W22-AC9,0) -> 0 | AA89: =Z89*X89 -> 0 | AE89: 70000 | AF89: 472.58
AE90: 80000 | AF90: 496.1
S91: Frais de notaire | U91: 0 | W91: 7500 | X91: 0.0171 | Y91: =IF($S$9+$W$22+$AC$9>W91,"oui","non") -> non | Z91: =IF(Y91="oui",W91,S9+W22+AC9) -> 391.1 | AA91: =Z91*X91 -> 6.68781 | AE91: 90000 | AF91: 501.8
S92: Acte de credit | U92: 7500 | W92: 17500 | X92: 0.01368 | Y92: =IF($S$9+$W$22+$AC$9>W92,"oui","non") -> non | Z92: =IF(Y92="oui",W92-W91,($S$9+$W$22+$AC$9)-Z91) -> 0 | AA92: =Z92*X92 -> 0 | AE92: 100000 | AF92: 525.33
U93: 17500 | W93: 30000 | X93: 0.00912 | Y93: =IF($S$9+$W$22+$AC$9>W93,"oui","non") -> non | Z93: =IF(Y93="oui",W93-W92,($S$9+$W$22+$AC$9)-Z92-Z91) -> 0 | AA93: =Z93*X93 -> 0 | AE93: 125000 | AF93: 557.97
U94: 30000 | W94: 45495 | X94: 0.00684 | Y94: =IF($S$9+$W$22+$AC$9>W94,"oui","non") -> non | Z94: =IF(Y94="oui",W94-W93,($S$9+$W$22+$AC$9)-Z93-Z92-Z91) -> 0 | AA94: =Z94*X94 -> 0 | AE94: 150000 | AF94: 589.47
U95: 45495 | W95: 64095 | X95: 0.00456 | Y95: =IF($S$9+$W$22+$AC$9>W95,"oui","non") -> non | Z95: =IF(Y95="oui",W95-W94,($S$9+$W$22+$AC$9)-Z94-Z93-Z92-Z91) -> 0 | AA95: =Z95*X95 -> 0 | AE95: 175000 | AF95: 623.26
U96: 64095 | W96: 250095 | X96: 0.00228 | Y96: =IF($S$9+$W$22+$AC$9>W96,"oui","non") -> non | Z96: =IF(Y96="oui",W96-W95,($S$9+$W$22+$AC$9)-Z95-Z94-Z93-Z92-Z91) -> 0 | AA96: =Z96*X96 -> 0 | AE96: 200000 | AF96: 654.67
U97: 250095 | X97: 0.000456 | Y97: NS | Z97: =IF((S9+W22+AC9)>=U97,(S9+W22+AC9)-W96,0) -> 0 | AA97: =Z97*X97 -> 0 | AE97: 250000 | AF97: 697.66
AE98: 500000 | AF98: 952.92
S99: Frais de notaire | U99: 0 | W99: 7500 | X99: 0.00399 | Y99: =IF(AC4>W99,"oui","non") -> non | Z99: =IF(Y99="oui",W99,AC4) -> 0 | AA99: =Z99*X99 -> 0 | AE99: 1000000000 | AF99: 952.92
S100: Main levée | U100: 7500 | W100: 17500 | X100: 0.00342 | Y100: =IF(AC4>W100,"oui","non") -> non | Z100: =IF(Y100="oui",W100-W99,(AC4)-Z99) -> 0 | AA100: =Z100*X100 -> 0
U101: 17500 | W101: 30000 | X101: 0.00228 | Y101: =IF(AC4>W101,"oui","non") -> non | Z101: =IF(Y101="oui",W101-W100,(AC4)-Z100-Z99) -> 0 | AA101: =Z101*X101 -> 0
U102: 30000 | W102: 45495 | X102: 0.00171 | Y102: =IF(AC4>W102,"oui","non") -> non | Z102: =IF(Y102="oui",W102-W101,(AC4)-Z101-Z100-Z99) -> 0 | AA102: =Z102*X102 -> 0
U103: 45495 | W103: 64095 | X103: 0.00114 | Y103: =IF(AC4>W103,"oui","non") -> non | Z103: =IF(Y103="oui",W103-W102,(AC4)-Z102-Z101-Z100-Z99) -> 0 | AA103: =Z103*X103 -> 0
U104: 64095 | W104: 250095 | X104: 0.00057 | Y104: =IF(AC4>W104,"oui","non") -> non | Z104: =IF(Y104="oui",W104-W103,(AC4)-Z103-Z102-Z101-Z100-Z99) -> 0 | AA104: =Z104*X104 -> 0
U105: 250095 | X105: 0.00023 | Y105: NS | Z105: =IF((G59+S22+AC9)>=U105,(AC9)-W104,0) -> 0 | AA105: =Z105*X105 -> 0
